Checkers vs Phantoms

Created - Wednesday, March 5, 2025 at 22:12

Goals
1 2 3 T
Checkers 2 0 3 5
Phantoms 2 0 0 2
Shots
1 2 3 T
Checkers 7 3 12 22
Phantoms 13 3 12 28

1st period

1. Phantoms , Matej Blumel 37 (Justin Kirkland 12, Robert Hagg 24) at 0:14
2. Checkers , Jeffrey Viel 13 (Tyler Wotherspoon 30, Matthew Murray) at 4:15
3. Phantoms , Ruslan Iskhakov 20 (Justin Kirkland 13, Jansen Harkins 37) at 13:27 (PP)
4. Checkers , Jiri Smejkal 22 (Ilya Solovyov 20, Joe Carroll 36) at 17:30 (PP)

Penalties :
Austin Rueschhoff (CHA) for Roughing (Minor) at 8:22, Wyatt Bongiovanni (CHA) for Tripping (Minor) at 11:50, Jiri Smejkal (CHA) for Interference (Minor) at 13:47, Wyatt Bongiovanni (CHA) for Roughing (Minor) at 15:13, Matej Blumel (LEH) for Tripping (Minor) at 17:18, Matt Rempe (LEH) for Tripping (Minor) at 19:19

2nd period

No Goal

Penalties :
Ville Heinola (LEH) for High sticking (Minor) at 1:20, Ilya Solovyov (CHA) for Hooking (Minor) at 5:05, Justin Kirkland (LEH) for Interference (Minor) at 9:29, Jeffrey Viel (CHA) for Slashing (Minor) at 11:30, Brian Pinho (CHA) for Delaying the game (Minor) at 16:13, Tyler Wotherspoon (CHA) for Delaying the game (Minor) at 18:18

3rd period

5. Checkers , Nikita Nesterenko 19 (Tyler Wotherspoon 31, Brian Pinho 36) at 4:24 (PP)
6. Checkers , Jiri Smejkal 23 (Brian Pinho 37) at 7:42
7. Checkers , Joe Carroll 25 (Wyatt Bongiovanni 31, Tyler Wotherspoon 32) at 10:55

Penalties :
Matt Rempe (LEH) for Cross-checking (Minor) at 3:28, Jonathan Aspirot (LEH) for Interference (Minor) at 7:44, Tyler Wotherspoon (CHA) for Slashing (Minor) at 14:20, Christoffer Sedoff (CHA) for Tripping (Minor) at 18:46, Simon Lundmark (LEH) for Roughing (Minor) at 19:53

Goalie Stats

Matthew Murray (CHA), 26 saves from 28 shots - (0.929), W, 11-23-3, 60:00 minutes
FarmGoal5 (LEH), 6 saves from 7 shots - (0.857), 12:18 minutes
Matt Villalta (LEH), 11 saves from 15 shots - (0.733), L, 22-28-6, 47:42 minutes

Players Stats for Checkers

Player Name              G  A  P  +/- PIM S  H  SB GA TA FO     MP     PP MP  PK MP  
------------------------------------------------------------------------------------
Anton Malmstrom          0  0  0   0  0   0  2  1  0  0  0/0    16:15   0:00   4:26 
Austin Rueschhoff        0  0  0   0  2   1  3  0  0  0  4/13   12:51   0:47   0:00 
Brendan Furry            0  0  0   0  0   0  0  0  0  0  0/0     0:00   0:00   0:00 
Brian Pinho              0  2  2   1  2   1  0  0  0  0  1/1    22:10   3:37   8:57 
Christoffer Sedoff       0  0  0   0  2   0  1  1  0  0  0/0    14:49   0:00   3:01 
Dino Kambeitz            0  0  0   1  0   1  2  0  0  0  0/0    19:39   3:37   6:30 
Ethan Frisch             0  0  0   1  0   0  2  1  0  0  0/0    21:13   4:09   6:21 
Griffin Mendel           0  0  0   1  0   0  2  1  0  0  0/0    23:00   4:09   8:08 
Ilya Solovyov            0  1  1   1  2   1  0  1  0  0  0/0    22:57   4:55   7:42 
Jeffrey Viel             1  0  1   0  2   2  3  0  0  0  0/2    14:45   0:00   1:02 
Jiri Smejkal             2  0  2   1  2   5  3  0  0  0  1/1    17:36   4:40   1:53 
Joe Carroll              1  1  2   1  0   2  0  0  0  0  6/13   15:11   5:27   0:00 
Justin Pearson           0  0  0   0  0   1  0  0  0  0  0/1    12:07   0:00   0:02 
Nikita Nesterenko        1  0  1   1  0   1  3  0  0  0  11/22  20:49   3:37   6:02 
Tyler Wotherspoon        0  3  3   1  4   4  2  1  0  0  0/0    21:22   4:55   6:08 
Tyson Kozak              0  0  0   0  0   0  0  0  0  0  0/2     4:31   0:00   4:31 
Will MacKinnon           0  0  0   0  0   0  0  0  0  0  0/0     0:20   0:00   0:20 
Wyatt Bongiovanni        0  1  1   1  4   3  3  1  0  0  18/28  21:33   5:27   6:35 

Players Stats for Phantoms

Player Name              G  A  P  +/- PIM S  H  SB GA TA FO     MP     PP MP  PK MP  
------------------------------------------------------------------------------------
Alexis Gendron           0  0  0   0  0   0  0  0  0  0  0/0     3:35   2:16   0:00 
Bokondji Imama           0  0  0   0  0   1  2  1  0  0  1/2    10:36   0:00   0:00 
Fredrik Karlstrom        0  0  0   0  0   1  1  0  0  0  10/14  23:31   8:28   5:19 
Jansen Harkins           0  1  1  -2  0   3  1  0  0  0  0/0    20:16   6:55   3:10 
Jermaine Loewen          0  0  0   0  0   1  1  0  0  0  0/0     3:00   1:52   0:00 
Jonathan Aspirot         0  0  0   0  2   0  0  1  0  0  0/0    13:35   1:55   0:00 
Justin Bailey            0  0  0   0  0   3  3  1  0  0  15/38  24:02   8:29   4:06 
Justin Kirkland          0  2  2   0  2   2  1  0  0  0  0/0    12:16   1:25   0:00 
Leon Gawanke             0  0  0  -2  0   1  1  0  0  0  0/0    22:47   7:44   3:23 
Mac Hollowell            0  0  0   0  0   0  0  0  0  0  0/0     0:06   0:00   0:00 
Matej Blumel             1  0  1   0  2   5  3  0  0  0  3/3    20:42   9:16   0:35 
Matt Rempe               0  0  0   0  4   2  6  0  0  0  1/1    19:35   6:12   2:35 
Oskar Back               0  0  0  -2  0   2  2  0  0  0  0/2    11:00   0:16   0:00 
Reilly Walsh             0  0  0   0  0   3  1  1  0  0  0/0    24:18   9:05   5:41 
Robert Hagg              0  1  1   0  0   1  1  0  0  0  0/0    23:26   8:24   5:30 
Ruslan Iskhakov          1  0  1  -2  0   1  0  0  0  0  12/23  22:13   9:00   2:23 
Simon Lundmark           0  0  0  -2  2   1  2  0  0  0  0/0    23:20   8:23   3:23 
Ville Heinola            0  0  0   0  2   1  1  1  0  0  0/0    12:25   0:34   0:11 

3 Stars

1 - Jiri Smejkal (CHA)
2 - Joe Carroll (CHA)
3 - Nikita Nesterenko (CHA)

Power Play

Checkers - 2 on 7 Attempt(s) - 28.57%
Phantoms - 1 on 10 Attempt(s) - 10.00%

Penalty Kill

Checkers - 9 on 10 Attempt(s) - 90.00% - Score 0 goal in Penalty Kill
Phantoms - 5 on 7 Attempt(s) - 71.43% - Score 0 goal in Penalty Kill

Team Stat

Checkers - Hits : 26 - Faceoff Wins : 41 - Blocked Shots : 7 - Penalty Minutes : 20
Phantoms - Hits : 26 - Faceoff Wins : 42 - Blocked Shots : 5 - Penalty Minutes : 14

Official

Referees : Pierre Lambert and Francis Charron
Linesman : Michel Cormier and Matt MacPherson

Game Notes

FarmGoal5 enters game at 7:42 of 3rd period

Finance

Level 1 -- Attendance: 2000 (100.00%) -- Ticket Income $70,000
Level 2 -- Attendance: 935 (93.50%) -- Ticket Income $14,025
Total Attendance: 2935 (97.83%)
Total Ticket Income: $84,025
Other Income: $41,172
Total Income: $125,197

Checkers

5 vs 5 Forward 
   Center                   Left Wing                Right Wing               Time % Phy DF OF 
 1 Austin Rueschhoff        Justin Pearson           Jeffrey Viel             25     1   2  2  
 2 Nikita Nesterenko        Jiri Smejkal             Brian Pinho              25     1   2  2  
 3 Wyatt Bongiovanni        Joe Carroll              Dino Kambeitz            25     1   2  2  
 4 Nikita Nesterenko        Jiri Smejkal             Jeffrey Viel             25     1   2  2  

5 vs 5 Defense 
   Defense                  Defense                                           Time % Phy DF OF 
 1 Tyler Wotherspoon        Ilya Solovyov                                     25     1   2  2  
 2 Griffin Mendel           Ethan Frisch                                      25     1   2  2  
 3 Christoffer Sedoff       Anton Malmstrom                                   25     1   2  2  
 4 Ilya Solovyov            Tyler Wotherspoon                                 25     1   2  2  

PowerPlay Forward 
   Center                   Left Wing                Right Wing               Time % Phy DF OF 
 1 Joe Carroll              Wyatt Bongiovanni        Jiri Smejkal             60     1   2  2  
 2 Nikita Nesterenko        Dino Kambeitz            Brian Pinho              40     1   2  2  

PowerPlay Defense
   Defense                  Defense                                           Time % Phy DF OF 
 1 Tyler Wotherspoon        Ilya Solovyov                                     60     1   2  2  
 2 Griffin Mendel           Ethan Frisch                                      40     1   2  2  

Penalty Kill 4 Players Forward 
   Center                   Wing                     Time % Phy DF OF 
 1 Wyatt Bongiovanni        Brian Pinho              60     1   2  2  
 2 Nikita Nesterenko        Dino Kambeitz            40     1   2  2  

Penalty Kill 4 Players Defense
   Defense                  Defense                  Time % Phy DF OF 
 1 Tyler Wotherspoon        Ilya Solovyov            60     1   2  2  
 2 Griffin Mendel           Ethan Frisch             40     1   2  2  

Penalty Kill - 3 Players Forward 
   Forward                                           Time % Phy DF OF 
 1 Nikita Nesterenko                                 60     1   2  2  
 2 Brian Pinho                                       40     1   2  2  

Penalty Kill - 3 Players Defense
   Defense                  Defense                  Time % Phy DF OF 
 1 Tyler Wotherspoon        Ilya Solovyov            60     1   2  2  
 2 Griffin Mendel           Ethan Frisch             40     1   2  2  

4 vs 4 Forward 
   Center                   Wing                     Time % Phy DF OF 
 1 Joe Carroll              Brian Pinho              60     1   2  2  
 2 Nikita Nesterenko        Wyatt Bongiovanni        40     1   2  2  

4 vs 4 Defense
   Defense                  Defense                  Time % Phy DF OF 
 1 Tyler Wotherspoon        Ilya Solovyov            60     1   2  2  
 2 Griffin Mendel           Ethan Frisch             40     1   2  2  

Last Minutes Offensive
   Center                   Left Wing                Right Wing               Defense                  Defense                  
   Nikita Nesterenko        Brian Pinho              Jiri Smejkal             Tyler Wotherspoon        Ilya Solovyov            

Last Minutes Defensive
   Center                   Left Wing                Right Wing               Defense                  Defense                  
   Nikita Nesterenko        Brian Pinho              Jiri Smejkal             Tyler Wotherspoon        Ilya Solovyov            

Goaltenders
Starting : Matthew Murray           
Backup : Farm Goalie 24           

Extra Forwards
Normal : Joe Carroll, Wyatt Bongiovanni, Dino Kambeitz - PP : Joe Carroll, Wyatt Bongiovanni - PK : Dino Kambeitz
Extra Defensemen
Normal : Christoffer Sedoff, Anton Malmstrom, Ilya Solovyov - PP : Christoffer Sedoff - PK : Anton Malmstrom, Tyler Wotherspoon
Penalty Shots
Brian Pinho, Joe Carroll, Nikita Nesterenko, Wyatt Bongiovanni, Dino Kambeitz
Custom OT Lines Forwards
Brendan Furry, Jeffrey Viel, Nikita Nesterenko, Jiri Smejkal, Austin Rueschhoff, Brian Pinho, Joe Carroll, Wyatt Bongiovanni, Dino Kambeitz, Justin Pearson
Custom OT Lines Defensemen
Tyler Wotherspoon, Ilya Solovyov, Griffin Mendel, Ethan Frisch, Christoffer Sedoff

Scratches
Jacob Melanson (Healthy), Simon Pinard (Healthy), Alex Swetlikoff (Healthy), Ben Berard (Healthy), Ethan De Jong (Healthy)
Matt Brown (Healthy), Chris Jandric (Healthy), Ian McKinnon (Healthy), Luke Cavallin (Healthy)

Phantoms

5 vs 5 Forward 
   Center                   Left Wing                Right Wing               Time % Phy DF OF 
 1 Justin Bailey            Matej Blumel             Justin Kirkland          25     1   2  2  
 2 Ruslan Iskhakov          Jansen Harkins           Oskar Back               25     1   2  2  
 3 Fredrik Karlstrom        Bokondji Imama           Matt Rempe               25     1   2  2  
 4 Matt Rempe               Justin Bailey            Jansen Harkins           25     1   2  2  

5 vs 5 Defense 
   Defense                  Defense                                           Time % Phy DF OF 
 1 Robert Hagg              Reilly Walsh                                      25     1   2  2  
 2 Leon Gawanke             Simon Lundmark                                    25     1   2  2  
 3 Jonathan Aspirot         Ville Heinola                                     25     1   2  2  
 4 Reilly Walsh             Robert Hagg                                       25     1   2  2  

PowerPlay Forward 
   Center                   Left Wing                Right Wing               Time % Phy DF OF 
 1 Justin Bailey            Matej Blumel             Fredrik Karlstrom        60     1   2  2  
 2 Ruslan Iskhakov          Jansen Harkins           Matt Rempe               40     1   2  2  

PowerPlay Defense
   Defense                  Defense                                           Time % Phy DF OF 
 1 Robert Hagg              Reilly Walsh                                      60     1   2  2  
 2 Leon Gawanke             Simon Lundmark                                    40     1   2  2  

Penalty Kill 4 Players Forward 
   Center                   Wing                     Time % Phy DF OF 
 1 Justin Bailey            Fredrik Karlstrom        60     1   2  2  
 2 Matt Rempe               Jansen Harkins           40     1   2  2  

Penalty Kill 4 Players Defense
   Defense                  Defense                  Time % Phy DF OF 
 1 Robert Hagg              Reilly Walsh             60     1   2  2  
 2 Leon Gawanke             Simon Lundmark           40     1   2  2  

Penalty Kill - 3 Players Forward 
   Forward                                           Time % Phy DF OF 
 1 Fredrik Karlstrom                                 60     1   2  2  
 2 Jansen Harkins                                    40     1   2  2  

Penalty Kill - 3 Players Defense
   Defense                  Defense                  Time % Phy DF OF 
 1 Robert Hagg              Reilly Walsh             60     1   2  2  
 2 Leon Gawanke             Simon Lundmark           40     1   2  2  

4 vs 4 Forward 
   Center                   Wing                     Time % Phy DF OF 
 1 Matt Rempe               Fredrik Karlstrom        60     1   2  2  
 2 Justin Bailey            Jansen Harkins           40     1   2  2  

4 vs 4 Defense
   Defense                  Defense                  Time % Phy DF OF 
 1 Robert Hagg              Reilly Walsh             60     1   2  2  
 2 Leon Gawanke             Simon Lundmark           40     1   2  2  

Last Minutes Offensive
   Center                   Left Wing                Right Wing               Defense                  Defense                  
   Justin Bailey            Matej Blumel             Jansen Harkins           Robert Hagg              Reilly Walsh             

Last Minutes Defensive
   Center                   Left Wing                Right Wing               Defense                  Defense                  
   Justin Bailey            Matej Blumel             Jansen Harkins           Robert Hagg              Reilly Walsh             

Goaltenders
Starting : Matt Villalta            
Backup : FarmGoal5                

Extra Forwards
Normal : Fredrik Karlstrom, Jansen Harkins, Matt Rempe - PP : Fredrik Karlstrom, Matt Rempe - PK : Matt Rempe
Extra Defensemen
Normal : Jonathan Aspirot, Ville Heinola, Robert Hagg - PP : Jonathan Aspirot - PK : Ville Heinola, Robert Hagg
Penalty Shots
Fredrik Karlstrom, Justin Bailey, Matt Rempe, Jansen Harkins, Matej Blumel
Custom OT Lines Forwards
Justin Bailey, Alexis Gendron, Matej Blumel, Jansen Harkins, Oskar Back, Ruslan Iskhakov, Fredrik Karlstrom, Justin Kirkland, Matt Rempe, Bokondji Imama
Custom OT Lines Defensemen
Robert Hagg, Reilly Walsh, Leon Gawanke, Simon Lundmark, Jonathan Aspirot

Scratches
Dryden Hunt (Healthy), Farm Player 117 (Healthy), Farm Player 118 (Healthy), Mason Millman (Healthy)

% Time on Ice - Checkers

Lines # - Real PCT - Wanted PCT - Time Play
Normal Forward
1 - 37% - 25% - 12:05
2 - 29% - 25% - 9:31
3 - 29% - 25% - 9:32
4 - 5% - 25% - 1:39
Normal Defense
1 - 15% - 25% - 4:53
2 - 33% - 25% - 10:43
3 - 36% - 25% - 11:49
4 - 16% - 25% - 5:22
PP Forward
1 - 60% - 60% - 5:27
2 - 40% - 40% - 3:37
PP Defense
1 - 54% - 60% - 4:55
2 - 46% - 40% - 4:09
PK Forward
1 - 68% - 60% - 11:52
2 - 32% - 40% - 5:38
PK Defense
1 - 65% - 60% - 11:24
2 - 35% - 40% - 6:06
PK3 Forward
1 - 100% - 60% - 0:33
2 - 0% - 40% - 0:00
PK3 Defense
1 - 55% - 60% - 0:18
2 - 45% - 40% - 0:15
44 Forward
1 - 100% - 60% - 0:06
2 - 0% - 40% - 0:00
44 Defense
1 - 100% - 60% - 0:06
2 - 0% - 40% - 0:00
Last Minute Offensive  - 0:00
Last Minute Defensive  - 0:00
Total
Forward - 60:00
Defense - 60:00

% Time on Ice - Phantoms

Lines # - Real PCT - Wanted PCT - Time Play
Normal Forward
1 - 33% - 25% - 10:52
2 - 33% - 25% - 10:44
3 - 32% - 25% - 10:36
4 - 2% - 25% - 0:35
Normal Defense
1 - 15% - 25% - 4:56
2 - 35% - 25% - 11:34
3 - 36% - 25% - 11:41
4 - 14% - 25% - 4:36
PP Forward
1 - 55% - 60% - 10:00
2 - 45% - 40% - 8:03
PP Defense
1 - 50% - 60% - 9:05
2 - 50% - 40% - 8:58
PK Forward
1 - 65% - 60% - 5:54
2 - 35% - 40% - 3:10
PK Defense
1 - 63% - 60% - 5:41
2 - 37% - 40% - 3:23
PK3 Forward
1 - 0% - 60%
2 - 0% - 40%
PK3 Defense
1 - 0% - 60%
2 - 0% - 40%
44 Forward
1 - 100% - 60% - 0:06
2 - 0% - 40% - 0:00
44 Defense
1 - 0% - 60% - 0:00
2 - 100% - 40% - 0:06
Last Minute Offensive  - 0:00
Last Minute Defensive  - 0:00
Total
Forward - 60:00
Defense - 60:00

Play-by-Play

1st period


0:01 of 1st period - Justin Bailey wins face-off versus Austin Rueschhoff in neutral zone.
0:14 of 1st period - Shot by Matej Blumel.
0:14 of 1st period - Goal by Matej Blumel - Checkers : 0 - Phantoms : 1.
0:15 of 1st period - Ruslan Iskhakov wins face-off versus Nikita Nesterenko in neutral zone.
2:17 of 1st period - Shot by Justin Kirkland.
2:17 of 1st period - Stopped by Matthew Murray with a rebound.
2:19 of 1st period - Shot by Justin Kirkland.
2:19 of 1st period - Shot Misses the Net.
2:21 of 1st period - Shot by Justin Kirkland.
2:21 of 1st period - Shot Blocked by Anton Malmstrom.
2:23 of 1st period - Shot by Justin Bailey.
2:23 of 1st period - Deflect By Matej Blumel.
2:23 of 1st period - Shot Misses the Net.
2:33 of 1st period - Shot by Justin Bailey.
2:33 of 1st period - Stopped by Matthew Murray with a rebound.
3:36 of 1st period - Icing by Dino Kambeitz.
3:37 of 1st period - Wyatt Bongiovanni wins face-off versus Ruslan Iskhakov in Checkers zone.
4:15 of 1st period - Shot by Jeffrey Viel.
4:15 of 1st period - Goal by Jeffrey Viel - Checkers : 1 - Phantoms : 1.
4:16 of 1st period - Nikita Nesterenko wins face-off versus Justin Bailey in neutral zone.
5:15 of 1st period - Icing by Austin Rueschhoff.
5:16 of 1st period - Austin Rueschhoff wins face-off versus Oskar Back in Checkers zone.
5:16 of 1st period - Austin Rueschhoff is hit by Jansen Harkins.
5:25 of 1st period - Austin Rueschhoff is hit by Leon Gawanke and loses puck.
6:07 of 1st period - Tyler Wotherspoon is hit by Matt Rempe and loses puck.
6:17 of 1st period - Shot by Ville Heinola.
6:17 of 1st period - Shot Hit the Post.
6:33 of 1st period - Shot by Fredrik Karlstrom.
6:33 of 1st period - Stopped by Matthew Murray without a rebound.
6:34 of 1st period - Matej Blumel wins face-off versus Nikita Nesterenko in Checkers zone.
6:42 of 1st period - Matej Blumel is hit by Nikita Nesterenko and loses puck.
7:03 of 1st period - Shot by Jiri Smejkal.
7:03 of 1st period - Stopped by Matt Villalta without a rebound.
7:04 of 1st period - Wyatt Bongiovanni wins face-off versus Ruslan Iskhakov in Phantoms zone.
7:04 of 1st period - Joe Carroll is hit by Simon Lundmark and loses puck.
8:12 of 1st period - Shot by Nikita Nesterenko.
8:12 of 1st period - Deflect By Jiri Smejkal.
8:12 of 1st period - Stopped by Matt Villalta without a rebound.
8:13 of 1st period - Fredrik Karlstrom wins face-off versus Austin Rueschhoff in Phantoms zone.
8:22 of 1st period - Minor Penalty to Austin Rueschhoff for Roughing.
8:23 of 1st period - Justin Bailey wins face-off versus Wyatt Bongiovanni in Checkers zone.
8:26 of 1st period - Shot by Fredrik Karlstrom.
8:26 of 1st period - Deflect By Matej Blumel.
8:26 of 1st period - Stopped by Matthew Murray without a rebound.
8:27 of 1st period - Wyatt Bongiovanni wins face-off versus Justin Bailey in Checkers zone.
10:06 of 1st period - Shot by Justin Bailey.
10:06 of 1st period - Shot Misses the Net.
10:08 of 1st period - Shot by Fredrik Karlstrom.
10:08 of 1st period - Shot Misses the Net.
10:10 of 1st period - Shot by Justin Bailey.
10:10 of 1st period - Stopped by Matthew Murray with a rebound.
10:12 of 1st period - Shot by Matej Blumel.
10:12 of 1st period - Shot Misses the Net.
10:40 of 1st period - Shot by Oskar Back.
10:40 of 1st period - Stopped by Matthew Murray without a rebound.
10:41 of 1st period - Bokondji Imama wins face-off versus Nikita Nesterenko in Checkers zone.
10:48 of 1st period - Jiri Smejkal is hit by Matt Rempe and loses puck.
11:01 of 1st period - Christoffer Sedoff is hit by Bokondji Imama and loses puck.
11:33 of 1st period - Matt Rempe is hit by Ethan Frisch and loses puck.
11:44 of 1st period - Oskar Back is hit by Wyatt Bongiovanni and loses puck.
11:50 of 1st period - Minor Penalty to Wyatt Bongiovanni for Tripping.
11:51 of 1st period - Justin Bailey wins face-off versus Tyson Kozak in Checkers zone.
12:04 of 1st period - Ilya Solovyov is hit by Fredrik Karlstrom.
12:59 of 1st period - Shot by Simon Lundmark.
12:59 of 1st period - Stopped by Matthew Murray without a rebound.
13:00 of 1st period - Ruslan Iskhakov wins face-off versus Nikita Nesterenko in Checkers zone.
13:13 of 1st period - Shot by Jansen Harkins.
13:13 of 1st period - Stopped by Matthew Murray with a rebound.
13:27 of 1st period - Shot by Ruslan Iskhakov.
13:27 of 1st period - Goal by Ruslan Iskhakov - Checkers : 1 - Phantoms : 2.
13:28 of 1st period - Fredrik Karlstrom wins face-off versus Austin Rueschhoff in neutral zone.
13:31 of 1st period - Shot by Ville Heinola.
13:31 of 1st period - Stopped by Matthew Murray without a rebound.
13:32 of 1st period - Nikita Nesterenko wins face-off versus Fredrik Karlstrom in Checkers zone.
13:32 of 1st period - Nikita Nesterenko is hit by Bokondji Imama.
13:47 of 1st period - Minor Penalty to Jiri Smejkal for Interference.
13:48 of 1st period - Brian Pinho wins face-off versus Justin Bailey in Checkers zone.
13:56 of 1st period - Icing by Matej Blumel.
13:57 of 1st period - Matej Blumel wins face-off versus Wyatt Bongiovanni in Phantoms zone.
14:53 of 1st period - Shot by Ruslan Iskhakov.
14:53 of 1st period - Shot Misses the Net.
15:05 of 1st period - Nikita Nesterenko is hit by Matt Rempe and loses puck.
15:13 of 1st period - Minor Penalty to Wyatt Bongiovanni for Roughing.
15:14 of 1st period - Nikita Nesterenko wins face-off versus Ruslan Iskhakov in Checkers zone.
17:06 of 1st period - Shot by Oskar Back.
17:06 of 1st period - Deflect By Justin Kirkland.
17:06 of 1st period - Shot Blocked by Christoffer Sedoff.
17:08 of 1st period - Shot by Oskar Back.
17:08 of 1st period - Shot Misses the Net.
17:10 of 1st period - Shot by Oskar Back.
17:10 of 1st period - Deflect By Matej Blumel.
17:10 of 1st period - Stopped by Matthew Murray without a rebound.
17:11 of 1st period - Fredrik Karlstrom wins face-off versus Justin Pearson in Checkers zone.
17:15 of 1st period - Icing by Christoffer Sedoff.
17:16 of 1st period - Justin Bailey wins face-off versus Austin Rueschhoff in Checkers zone.
17:16 of 1st period - Reilly Walsh is hit by Anton Malmstrom and loses puck.
17:18 of 1st period - Minor Penalty to Matej Blumel for Tripping.
17:19 of 1st period - Justin Bailey wins face-off versus Joe Carroll in Phantoms zone.
17:30 of 1st period - Shot by Ilya Solovyov.
17:30 of 1st period - Deflect By Jiri Smejkal.
17:30 of 1st period - Goal by Jiri Smejkal - Checkers : 2 - Phantoms : 2.
17:31 of 1st period - Matt Rempe wins face-off versus Austin Rueschhoff in neutral zone.
18:01 of 1st period - Shot by Austin Rueschhoff.
18:01 of 1st period - Stopped by Matt Villalta with a rebound.
18:03 of 1st period - Shot by Anton Malmstrom.
18:03 of 1st period - Shot Misses the Net.
18:05 of 1st period - Shot by Jeffrey Viel.
18:05 of 1st period - Stopped by Matt Villalta without a rebound.
18:06 of 1st period - Nikita Nesterenko wins face-off versus Ruslan Iskhakov in Phantoms zone.
18:16 of 1st period - Shot by Ruslan Iskhakov.
18:16 of 1st period - Deflect By Oskar Back.
18:16 of 1st period - Stopped by Matthew Murray with a rebound.
18:48 of 1st period - Shot by Fredrik Karlstrom.
18:48 of 1st period - Shot Blocked by Ethan Frisch.
19:19 of 1st period - Minor Penalty to Matt Rempe for Tripping.
19:20 of 1st period - Joe Carroll wins face-off versus Justin Bailey in Phantoms zone.
19:20 of 1st period - Joe Carroll is hit by Robert Hagg.
19:26 of 1st period - Shot by Wyatt Bongiovanni.
19:26 of 1st period - Stopped by Matt Villalta without a rebound.
19:27 of 1st period - Justin Bailey wins face-off versus Joe Carroll in Phantoms zone.
19:27 of 1st period - Justin Bailey is hit by Austin Rueschhoff.
Goals for this period are 2 for Checkers vs 2 for Phantoms.
Shots for this period are 7 for Checkers vs 13 for Phantoms.

2nd period


0:01 of 2nd period - Justin Bailey wins face-off versus Joe Carroll in neutral zone.
0:07 of 2nd period - Icing by Jiri Smejkal.
0:08 of 2nd period - Wyatt Bongiovanni wins face-off versus Justin Bailey in Checkers zone.
0:25 of 2nd period - Shot by Jiri Smejkal.
0:25 of 2nd period - Shot Misses the Net.
0:37 of 2nd period - Shot by Tyler Wotherspoon.
0:37 of 2nd period - Shot Misses the Net.
1:20 of 2nd period - Minor Penalty to Ville Heinola for High sticking.
1:21 of 2nd period - Justin Bailey wins face-off versus Nikita Nesterenko in Phantoms zone.
2:27 of 2nd period - Shot by Tyler Wotherspoon.
2:27 of 2nd period - Stopped by Matt Villalta without a rebound.
2:28 of 2nd period - Ruslan Iskhakov wins face-off versus Nikita Nesterenko in Phantoms zone.
2:43 of 2nd period - Reilly Walsh is hit by Dino Kambeitz and loses puck.
3:30 of 2nd period - Icing by Justin Bailey.
3:31 of 2nd period - Justin Bailey wins face-off versus Jeffrey Viel in Phantoms zone.
3:31 of 2nd period - Justin Bailey is hit by Austin Rueschhoff.
3:47 of 2nd period - Justin Bailey is hit by Christoffer Sedoff.
3:57 of 2nd period - Austin Rueschhoff is hit by Matej Blumel and loses puck.
4:41 of 2nd period - Icing by Griffin Mendel.
4:42 of 2nd period - Wyatt Bongiovanni wins face-off versus Bokondji Imama in Checkers zone.
5:05 of 2nd period - Minor Penalty to Ilya Solovyov for Hooking.
5:06 of 2nd period - Justin Bailey wins face-off versus Wyatt Bongiovanni in Checkers zone.
5:25 of 2nd period - Shot by Leon Gawanke.
5:25 of 2nd period - Shot Misses the Net.
5:57 of 2nd period - Shot by Dino Kambeitz.
5:57 of 2nd period - Shot Hit the Post.
5:59 of 2nd period - Shot by Nikita Nesterenko.
5:59 of 2nd period - Shot Blocked by Reilly Walsh.
6:28 of 2nd period - Icing by Jonathan Aspirot.
6:29 of 2nd period - Ruslan Iskhakov wins face-off versus Tyson Kozak in Phantoms zone.
6:36 of 2nd period - Shot by Matej Blumel.
6:36 of 2nd period - Shot Misses the Net.
6:38 of 2nd period - Shot by Alexis Gendron.
6:38 of 2nd period - Shot Misses the Net.
7:05 of 2nd period - Off-side.
7:06 of 2nd period - Fredrik Karlstrom wins face-off versus Austin Rueschhoff in neutral zone.
7:06 of 2nd period - Bokondji Imama is hit by Jeffrey Viel and loses puck.
7:10 of 2nd period - Fredrik Karlstrom is hit by Austin Rueschhoff and loses puck.
8:34 of 2nd period - Oskar Back is hit by Tyler Wotherspoon.
9:08 of 2nd period - Shot by Brian Pinho.
9:08 of 2nd period - Shot Blocked by Jonathan Aspirot.
9:10 of 2nd period - Shot by Jiri Smejkal.
9:10 of 2nd period - Stopped by Matt Villalta without a rebound.
9:11 of 2nd period - Jiri Smejkal wins face-off versus Justin Bailey in Phantoms zone.
9:25 of 2nd period - Anton Malmstrom is hit by Matej Blumel and loses puck.
9:29 of 2nd period - Minor Penalty to Justin Kirkland for Interference.
9:30 of 2nd period - Justin Bailey wins face-off versus Nikita Nesterenko in Phantoms zone.
9:41 of 2nd period - Icing by Dino Kambeitz.
9:42 of 2nd period - Nikita Nesterenko wins face-off versus Justin Bailey in Checkers zone.
9:58 of 2nd period - Shot by Ethan Frisch.
9:58 of 2nd period - Shot Misses the Net.
10:09 of 2nd period - Icing by Joe Carroll.
10:10 of 2nd period - Joe Carroll wins face-off versus Justin Bailey in Checkers zone.
10:17 of 2nd period - Shot by Joe Carroll.
10:17 of 2nd period - Shot Misses the Net.
10:19 of 2nd period - Shot by Jiri Smejkal.
10:19 of 2nd period - Shot Misses the Net.
10:21 of 2nd period - Shot by Ilya Solovyov.
10:21 of 2nd period - Stopped by Matt Villalta without a rebound.
10:22 of 2nd period - Justin Bailey wins face-off versus Joe Carroll in Phantoms zone.
10:52 of 2nd period - Matej Blumel is hit by Jiri Smejkal and loses puck.
11:30 of 2nd period - Minor Penalty to Jeffrey Viel for Slashing.
11:31 of 2nd period - Ruslan Iskhakov wins face-off versus Wyatt Bongiovanni in Checkers zone.
11:54 of 2nd period - Shot by Leon Gawanke.
11:54 of 2nd period - Shot Misses the Net.
12:24 of 2nd period - Icing by Robert Hagg.
12:25 of 2nd period - Nikita Nesterenko wins face-off versus Justin Bailey in Phantoms zone.
13:55 of 2nd period - Shot by Austin Rueschhoff.
13:55 of 2nd period - Shot Misses the Net.
15:17 of 2nd period - Off-side.
15:18 of 2nd period - Wyatt Bongiovanni wins face-off versus Fredrik Karlstrom in neutral zone.
15:27 of 2nd period - Joe Carroll is hit by Matt Rempe and loses puck.
15:38 of 2nd period - Shot by Wyatt Bongiovanni.
15:38 of 2nd period - Shot Misses the Net.
15:44 of 2nd period - Tyler Wotherspoon is hit by Matt Rempe and loses puck.
16:07 of 2nd period - Shot by Justin Kirkland.
16:07 of 2nd period - Stopped by Matthew Murray without a rebound.
16:08 of 2nd period - Nikita Nesterenko wins face-off versus Ruslan Iskhakov in Checkers zone.
16:08 of 2nd period - Nikita Nesterenko is hit by Oskar Back.
16:13 of 2nd period - Minor Penalty to Brian Pinho for Delaying the game.
16:14 of 2nd period - Wyatt Bongiovanni wins face-off versus Justin Bailey in Checkers zone.
16:14 of 2nd period - Ethan Frisch is hit by Justin Bailey.
18:04 of 2nd period - Jeffrey Viel is hit by Matej Blumel and loses puck.
18:18 of 2nd period - Minor Penalty to Tyler Wotherspoon for Delaying the game.
18:19 of 2nd period - Wyatt Bongiovanni wins face-off versus Justin Bailey in Checkers zone.
18:19 of 2nd period - Brian Pinho is hit by Jermaine Loewen and loses puck.
18:44 of 2nd period - Shot by Leon Gawanke.
18:44 of 2nd period - Stopped by Matthew Murray with a rebound.
18:46 of 2nd period - Shot by Justin Bailey.
18:46 of 2nd period - Deflect By Jermaine Loewen.
18:46 of 2nd period - Shot Blocked by Griffin Mendel.
18:48 of 2nd period - Shot by Jermaine Loewen.
18:48 of 2nd period - Stopped by Matthew Murray without a rebound.
18:49 of 2nd period - Ruslan Iskhakov wins face-off versus Wyatt Bongiovanni in Checkers zone.
18:57 of 2nd period - Shot by Wyatt Bongiovanni.
18:57 of 2nd period - Shot Misses the Net.
19:19 of 2nd period - Icing by Jansen Harkins.
19:20 of 2nd period - Ruslan Iskhakov wins face-off versus Nikita Nesterenko in Phantoms zone.
19:20 of 2nd period - Jansen Harkins is hit by Nikita Nesterenko and loses puck.
Goals for this period are 0 for Checkers vs 0 for Phantoms.
Shots for this period are 3 for Checkers vs 3 for Phantoms.

3rd period


0:01 of 3rd period - Wyatt Bongiovanni wins face-off versus Justin Bailey in neutral zone.
0:01 of 3rd period - Wyatt Bongiovanni is hit by Justin Bailey.
0:10 of 3rd period - Off-side.
0:11 of 3rd period - Ruslan Iskhakov wins face-off versus Wyatt Bongiovanni in neutral zone.
0:24 of 3rd period - Shot by Justin Bailey.
0:24 of 3rd period - Stopped by Matthew Murray with a rebound.
1:11 of 3rd period - Off-side.
1:12 of 3rd period - Wyatt Bongiovanni wins face-off versus Fredrik Karlstrom in neutral zone.
1:15 of 3rd period - Shot by Dino Kambeitz.
1:15 of 3rd period - Shot Misses the Net.
1:19 of 3rd period - Shot by Wyatt Bongiovanni.
1:19 of 3rd period - Stopped by Matt Villalta without a rebound.
1:20 of 3rd period - Wyatt Bongiovanni wins face-off versus Oskar Back in Phantoms zone.
1:29 of 3rd period - Shot by Joe Carroll.
1:29 of 3rd period - Stopped by Matt Villalta without a rebound.
1:30 of 3rd period - Fredrik Karlstrom wins face-off versus Jeffrey Viel in Phantoms zone.
1:30 of 3rd period - Fredrik Karlstrom is hit by Jeffrey Viel.
1:35 of 3rd period - Jonathan Aspirot is hit by Tyler Wotherspoon and loses puck.
1:53 of 3rd period - Icing by Tyler Wotherspoon.
1:54 of 3rd period - Austin Rueschhoff wins face-off versus Ruslan Iskhakov in Checkers zone.
2:16 of 3rd period - Ruslan Iskhakov is hit by Jeffrey Viel and loses puck.
2:20 of 3rd period - Off-side.
2:21 of 3rd period - Justin Bailey wins face-off versus Nikita Nesterenko in neutral zone.
3:13 of 3rd period - Icing by Leon Gawanke.
3:14 of 3rd period - Wyatt Bongiovanni wins face-off versus Justin Bailey in Phantoms zone.
3:28 of 3rd period - Minor Penalty to Matt Rempe for Cross-checking.
3:29 of 3rd period - Ruslan Iskhakov wins face-off versus Joe Carroll in Phantoms zone.
4:22 of 3rd period - Shot by Tyler Wotherspoon.
4:22 of 3rd period - Stopped by Matt Villalta with a rebound.
4:24 of 3rd period - Shot by Nikita Nesterenko.
4:24 of 3rd period - Goal by Nikita Nesterenko - Checkers : 3 - Phantoms : 2.
4:25 of 3rd period - Fredrik Karlstrom wins face-off versus Austin Rueschhoff in neutral zone.
5:05 of 3rd period - Austin Rueschhoff is hit by Oskar Back and loses puck.
5:21 of 3rd period - Off-side.
5:22 of 3rd period - Wyatt Bongiovanni wins face-off versus Justin Bailey in neutral zone.
5:45 of 3rd period - Shot by Justin Kirkland.
5:45 of 3rd period - Shot Misses the Net.
6:06 of 3rd period - Justin Bailey is hit by Jiri Smejkal and loses puck.
6:26 of 3rd period - Icing by Robert Hagg.
6:27 of 3rd period - Austin Rueschhoff wins face-off versus Justin Bailey in Phantoms zone.
6:49 of 3rd period - Icing by Ilya Solovyov.
6:50 of 3rd period - Fredrik Karlstrom wins face-off versus Austin Rueschhoff in Checkers zone.
6:57 of 3rd period - Shot by Bokondji Imama.
6:57 of 3rd period - Shot Misses the Net.
7:09 of 3rd period - Shot by Fredrik Karlstrom.
7:09 of 3rd period - Shot Blocked by Tyler Wotherspoon.
7:11 of 3rd period - Shot by Matt Rempe.
7:11 of 3rd period - Stopped by Matthew Murray with a rebound.
7:13 of 3rd period - Shot by Jonathan Aspirot.
7:13 of 3rd period - Shot Misses the Net.
7:15 of 3rd period - Shot by Bokondji Imama.
7:15 of 3rd period - Stopped by Matthew Murray without a rebound.
7:16 of 3rd period - Nikita Nesterenko wins face-off versus Ruslan Iskhakov in Checkers zone.
7:25 of 3rd period - Jansen Harkins is hit by Jiri Smejkal and loses puck.
7:40 of 3rd period - Shot by Brian Pinho.
7:40 of 3rd period - Shot Misses the Net.
7:42 of 3rd period - Shot by Jiri Smejkal.
7:42 of 3rd period - Goal by Jiri Smejkal - Checkers : 4 - Phantoms : 2.
7:42 of 3rd period - FarmGoal5 enters game.
7:43 of 3rd period - Wyatt Bongiovanni wins face-off versus Fredrik Karlstrom in neutral zone.
7:43 of 3rd period - Joe Carroll is hit by Matt Rempe.
7:44 of 3rd period - Minor Penalty to Jonathan Aspirot for Interference.
7:45 of 3rd period - Justin Bailey wins face-off versus Joe Carroll in Phantoms zone.
7:51 of 3rd period - Icing by Ethan Frisch.
7:52 of 3rd period - Joe Carroll wins face-off versus Justin Bailey in Checkers zone.
8:09 of 3rd period - Shot by Jiri Smejkal.
8:09 of 3rd period - Shot Misses the Net.
8:16 of 3rd period - Icing by Joe Carroll.
8:17 of 3rd period - Joe Carroll wins face-off versus Justin Bailey in Checkers zone.
8:17 of 3rd period - Joe Carroll is hit by Justin Bailey.
8:32 of 3rd period - Icing by Wyatt Bongiovanni.
8:33 of 3rd period - Joe Carroll wins face-off versus Justin Bailey in Checkers zone.
9:06 of 3rd period - Shot by Tyler Wotherspoon.
9:06 of 3rd period - Stopped by FarmGoal5 with a rebound.
9:36 of 3rd period - Off-side.
9:37 of 3rd period - Joe Carroll wins face-off versus Justin Bailey in neutral zone.
9:53 of 3rd period - Austin Rueschhoff is hit by Ville Heinola and loses puck.
9:57 of 3rd period - Icing by Jonathan Aspirot.
9:58 of 3rd period - Justin Bailey wins face-off versus Austin Rueschhoff in Phantoms zone.
10:15 of 3rd period - Shot by Matej Blumel.
10:15 of 3rd period - Shot Misses the Net.
10:17 of 3rd period - Shot by Matej Blumel.
10:17 of 3rd period - Stopped by Matthew Murray with a rebound.
10:35 of 3rd period - Icing by Oskar Back.
10:36 of 3rd period - Wyatt Bongiovanni wins face-off versus Ruslan Iskhakov in Phantoms zone.
10:51 of 3rd period - Shot by Wyatt Bongiovanni.
10:51 of 3rd period - Shot Misses the Net.
10:55 of 3rd period - Shot by Joe Carroll.
10:55 of 3rd period - Goal by Joe Carroll - Checkers : 5 - Phantoms : 2.
10:56 of 3rd period - Fredrik Karlstrom wins face-off versus Nikita Nesterenko in neutral zone.
11:02 of 3rd period - Matt Rempe is hit by Griffin Mendel.
11:13 of 3rd period - Brian Pinho is hit by Reilly Walsh and loses puck.
11:24 of 3rd period - Shot by Brian Pinho.
11:24 of 3rd period - Stopped by FarmGoal5 with a rebound.
12:14 of 3rd period - Shot by Joe Carroll.
12:14 of 3rd period - Shot Misses the Net.
12:39 of 3rd period - Shot by Jeffrey Viel.
12:39 of 3rd period - Shot Blocked by Ville Heinola.
12:52 of 3rd period - Justin Pearson is hit by Justin Kirkland and loses puck.
12:58 of 3rd period - Off-side.
12:59 of 3rd period - Matej Blumel wins face-off versus Nikita Nesterenko in neutral zone.
13:05 of 3rd period - Justin Bailey is hit by Ethan Frisch and loses puck.
13:14 of 3rd period - Simon Lundmark is hit by Nikita Nesterenko and loses puck.
13:28 of 3rd period - Justin Bailey is hit by Griffin Mendel.
13:48 of 3rd period - Icing by Fredrik Karlstrom.
13:49 of 3rd period - Fredrik Karlstrom wins face-off versus Wyatt Bongiovanni in Phantoms zone.
13:49 of 3rd period - Robert Hagg is hit by Dino Kambeitz and loses puck.
13:54 of 3rd period - Shot by Dino Kambeitz.
13:54 of 3rd period - Stopped by FarmGoal5 without a rebound.
13:55 of 3rd period - Fredrik Karlstrom wins face-off versus Wyatt Bongiovanni in Phantoms zone.
13:57 of 3rd period - Reilly Walsh is hit by Wyatt Bongiovanni and loses puck.
14:08 of 3rd period - Shot by Tyler Wotherspoon.
14:08 of 3rd period - Stopped by FarmGoal5 with a rebound.
14:10 of 3rd period - Shot by Wyatt Bongiovanni.
14:10 of 3rd period - Stopped by FarmGoal5 with a rebound.
14:12 of 3rd period - Shot by Joe Carroll.
14:12 of 3rd period - Shot Hit the Post.
14:19 of 3rd period - Fredrik Karlstrom is hit by Wyatt Bongiovanni.
14:20 of 3rd period - Minor Penalty to Tyler Wotherspoon for Slashing.
14:21 of 3rd period - Wyatt Bongiovanni wins face-off versus Justin Bailey in Checkers zone.
15:25 of 3rd period - Shot by Ruslan Iskhakov.
15:25 of 3rd period - Shot Misses the Net.
15:27 of 3rd period - Shot by Robert Hagg.
15:27 of 3rd period - Shot Misses the Net.
15:29 of 3rd period - Shot by Reilly Walsh.
15:29 of 3rd period - Shot Misses the Net.
15:31 of 3rd period - Shot by Matt Rempe.
15:31 of 3rd period - Deflect By Jansen Harkins.
15:31 of 3rd period - Stopped by Matthew Murray with a rebound.
15:33 of 3rd period - Shot by Reilly Walsh.
15:33 of 3rd period - Stopped by Matthew Murray with a rebound.
15:35 of 3rd period - Shot by Reilly Walsh.
15:35 of 3rd period - Shot Blocked by Ilya Solovyov.
15:37 of 3rd period - Shot by Jansen Harkins.
15:37 of 3rd period - Shot Misses the Net.
15:39 of 3rd period - Shot by Reilly Walsh.
15:39 of 3rd period - Stopped by Matthew Murray without a rebound.
15:40 of 3rd period - Nikita Nesterenko wins face-off versus Ruslan Iskhakov in Checkers zone.
15:51 of 3rd period - Shot by Jansen Harkins.
15:51 of 3rd period - Deflect By Matt Rempe.
15:51 of 3rd period - Stopped by Matthew Murray without a rebound.
15:52 of 3rd period - Nikita Nesterenko wins face-off versus Ruslan Iskhakov in Checkers zone.
16:11 of 3rd period - Shot by Reilly Walsh.
16:11 of 3rd period - Stopped by Matthew Murray without a rebound.
16:12 of 3rd period - Nikita Nesterenko wins face-off versus Ruslan Iskhakov in Checkers zone.
16:34 of 3rd period - Shot by Justin Pearson.
16:34 of 3rd period - Stopped by FarmGoal5 with a rebound.
16:36 of 3rd period - Shot by Jeffrey Viel.
16:36 of 3rd period - Shot Blocked by Bokondji Imama.
17:30 of 3rd period - Jiri Smejkal is hit by Simon Lundmark and loses puck.
18:13 of 3rd period - Icing by Robert Hagg.
18:14 of 3rd period - Austin Rueschhoff wins face-off versus Justin Bailey in Phantoms zone.
18:19 of 3rd period - Shot by Jeffrey Viel.
18:19 of 3rd period - Deflect By Austin Rueschhoff.
18:19 of 3rd period - Shot Blocked by Justin Bailey.
18:42 of 3rd period - Matej Blumel is hit by Anton Malmstrom and loses puck.
18:45 of 3rd period - Shot by Matej Blumel.
18:45 of 3rd period - Shot Misses the Net.
18:46 of 3rd period - Minor Penalty to Christoffer Sedoff for Tripping.
18:47 of 3rd period - Ruslan Iskhakov wins face-off versus Wyatt Bongiovanni in Checkers zone.
18:48 of 3rd period - Shot by Jansen Harkins.
18:48 of 3rd period - Shot Misses the Net.
18:50 of 3rd period - Shot by Leon Gawanke.
18:50 of 3rd period - Shot Blocked by Wyatt Bongiovanni.
18:52 of 3rd period - Shot by Jansen Harkins.
18:52 of 3rd period - Stopped by Matthew Murray without a rebound.
18:53 of 3rd period - Wyatt Bongiovanni wins face-off versus Justin Bailey in Checkers zone.
19:00 of 3rd period - Shot by Matej Blumel.
19:00 of 3rd period - Stopped by Matthew Murray without a rebound.
19:01 of 3rd period - Ruslan Iskhakov wins face-off versus Wyatt Bongiovanni in Checkers zone.
19:02 of 3rd period - Shot by Reilly Walsh.
19:02 of 3rd period - Shot Misses the Net.
19:04 of 3rd period - Shot by Robert Hagg.
19:04 of 3rd period - Stopped by Matthew Murray with a rebound.
19:49 of 3rd period - Icing by Matej Blumel.
19:50 of 3rd period - Wyatt Bongiovanni wins face-off versus Justin Bailey in Phantoms zone.
19:53 of 3rd period - Minor Penalty to Simon Lundmark for Roughing.
19:54 of 3rd period - Ruslan Iskhakov wins face-off versus Joe Carroll in Phantoms zone.
Goals for this period are 3 for Checkers vs 0 for Phantoms.
Shots for this period are 12 for Checkers vs 12 for Phantoms.